 Dungeon Crawl Stone Soup version 0.29.1-13-g9f3cf754e1 (webtiles) character file.

Game seed: 12179580807443446226

56 Oxelix the Trooper (level 3, -4/34 HPs)
             Began as a Minotaur Fighter on Jan 19, 2023.
             Killed by divine providence
             ... invoked by an orc priest
              (17 damage)
             ... on level 3 of the Dungeon.
             The game lasted 00:01:50 (1742 turns).

Oxelix the Trooper (Minotaur Fighter)               Turns: 1742, Time: 00:01:51

Health: -4/34      AC:  6    Str: 22    XL:     3   Next: 69%
Magic:  2/2        EV:  9    Int:  5    God:
Gold:   71         SH:  4    Dex:  9    Spells: 2/2 levels left

rFire   . . .      SeeInvis .   a - +0 flail
rCold   . . .      Faith    .   c - +0 buckler
rNeg    . . .      Spirit   .   b - +0 scale mail
rPois   .          Reflect  .   (helmet restricted)
rElec   .          Harm     .   (no cloak)
rCorr   .          Rampage  .   (no gloves)
Will    .....                   (no boots)
Stlth   ..........              (no amulet)
HPRegen 0.11/turn               (no ring)
MPRegen 0.08/turn               (no ring)

@: no status effects
A: horns 2, retaliatory headbutt
a: no special abilities


You were on level 3 of the Dungeon.
You visited 1 branch of the dungeon, and saw 3 of its levels.

You collected 161 gold pieces.
You spent 90 gold pieces at shops.

Inventory:

Hand Weapons
 a - a +0 flail (weapon)
Armour
 b - a +0 scale mail (worn)
 c - a +0 buckler (worn)
Scrolls
 e - 4 scrolls of identify {unknown}
 f - a scroll of teleportation {unknown}
 g - 3 scrolls of immolation {unknown}
 h - 2 scrolls of amnesia {unknown}
 j - a scroll of poison {unknown}
 k - a scroll of summoning {unknown}
 o - a scroll of enchant armour {unknown}
Potions
 d - a potion of might
 i - a potion of degeneration {unknown}
 l - a potion of lignification {unknown}
 m - a potion of brilliance {unknown}
 n - a potion of curing {unknown}
 p - a potion of flight {unknown}


   Skills:
 + Level 4.4 Fighting
 * Level 4.3 Maces & Flails
 - Level 3.6 Armour
 - Level 3.6 Shields


You had 2 spell levels left.
You didn't know any spells.
Your spell library was empty.

Dungeon Overview and Level Annotations

Branches:
Dungeon (3/15)

Altars:

Shops:
D:2 *


Innate Abilities, Weirdness & Mutations

You have a pair of horns on your head.
You reflexively headbutt those who attack you in melee.


Message History

The adder is almost dead.
The adder bites you. The adder bites you but does no damage.
You sock the adder!
You kill the adder!
You see here an adder corpse.
HP restored.
A ball python comes into view.
The ball python moves out of view.
You see here an adder corpse.
A ball python is nearby!
You block the ball python's attack. The ball python grabs you.
The ball python constricts you.
You sock the ball python!
You kill the ball python!
You see here a ball python corpse.
p - a white potion An orc and 2 orc priests come into view.
The orc priest shouts! x2; You hear a shout!
An orc priest comes into view. It is wielding a +0 club.
You hear a shout!
The orc priest mumbles some strange prayers to Beogh against you.
You barely resist.
The orc priest looks satisfied for a moment.
An orc comes into view. It is wielding a +0 flail.
The orc moves out of view.
There is a stone staircase leading up here.
You hit the orc.
The orc is heavily wounded.
You block the orc's attack.
The orc priest mumbles some strange prayers to Beogh against you.
Beogh smites you!
The orc priest invokes the aid of Beogh against you.
Beogh smites you!
You barely miss the orc.
The orc is heavily wounded.
The orc hits you with a +0 falchion.
The orc priest mumbles some strange prayers to Beogh against you.
Beogh smites you!
Ouch! That really hurt!
You die...

#######.###.######.#
.................#.#
######.###.#....#.#
#.....<#......#.###
#.##.###....#.#†#.######
..............>#.#.#.......
####.##.###......#.#.......
# #.# #...........# #
#.###...@....#†.##.#
#.#.....oo...#.....#
#.##..#...o........#.
#(##..#................ #.
#....oo#####.####
#........# .# #..#.#.#.# #
#....#.#.# ##.#......ooo.


You could see 3 orc priests and 2 orcs.

Vanquished Creatures
  2 adders
  3 dart slugs (D:1)
  5 endoplasms
  A giant cockroach (D:1)
  2 goblins (D:1)
  2 hobgoblins
  4 kobolds (D:1)
  A quokka (D:1)
  4 ball pythons
  6 bats
  A frilled lizard (D:2)
31 creatures vanquished.

Notes
Turn   | Place    | Note
-------+----------+-------------------------------------------
     0 | D:1      | Oxelix the Minotaur Fighter began the quest for the Orb.
     0 | D:1      | Reached XP level 1. HP: 19/19 MP: 0/0
   192 | D:1      | Reached XP level 2. HP: 23/27 MP: 1/1
   720 | D:2      | Reached XP level 3. HP: 14/33 MP: 2/2
  1041 | D:2      | Found a faded altar of an unknown god.
  1208 | D:2      | Found Gaoghan's Assorted Antiques.
  1221 | D:2      | Bought a scroll labelled JEQUOH GYNIMMI for 24 gold pieces
  1221 | D:2      | Bought a scroll labelled INTOFU HUQAI for 24 gold pieces
  1221 | D:2      | Bought a fuming silvery potion for 21 gold pieces
  1221 | D:2      | Bought a viscous grey potion for 21 gold pieces
  1742 | D:3      | Killed from afar by an orc priest

Illustrated notes

Levels and vault maps discovered:
D:1:      eino_arrival_druids_welcome, layout_basic
D:2:      layout_loops_ring, serial_shops, shop,
          shapermc_ecumenical_altar_flowoftime
D:3:      layout_basic, chequers_serial_rivers_micro_b, uniq_natasha

Skill      XL: |  1  2 |
---------------+-------+-----
Maces & Flails | 3 4 |  4.3
Fighting       | 4 |  4.4
Armour         | |  3.6
Shields        | |  3.6

Action                   || total
-------------------------++-------
Melee: Flail             ||    59
       Headbutt          ||     8
Armor: Scale mail        ||    29
Dodge: Dodged            ||    30
Block: Buckler           ||    14
